 Dungeon Crawl Stone Soup version 0.23-a0-183-gf37f6fb (webtiles) character file.

1779 KristoblXynda the Covert (level 8, -2/36 HPs)
             Began as a Spriggan Enchanter on Sept 22, 2018.
             Splashed by a jelly's acid (9 damage)
             ... on level 6 of the Dungeon.
             The game lasted 00:17:13 (6885 turns).

KristoblXynda the Covert (Spriggan Enchanter)       Turns: 6885, Time: 00:17:14

Health: -2/36      AC: -6    Str:  5    XL:     8   Next: 81%
Magic:  20/20      EV: 19    Int: 17    God:
Gold:   307        SH:  0    Dex: 17    Spells: 17/22 levels left

rFire    + + .     SeeInvis +   x - +1 short sword (drain)
rCold    + . .     Gourm    .   (shield restricted)
rNeg     . . .     Faith    .   b - +0 robe
rPois    .         Spirit   .   (helmet restricted)
rElec    .         Reflect  .   o - scarf {rC+ rF+}
rCorr    .         Harm     .   (gloves unavailable)
MR       +....                  (boots unavailable)
Stlth    +++++.....             k - amulet of magic regeneration
HPRegen  0.12/turn              u - ring of protection from fire
MPRegen  0.42/turn              (no ring)

@: corroded, very quick
A: very small, unfitting armour, see invisible, herbivore, speed 3, slow
metabolism 2
a: no special abilities


You were on level 6 of the Dungeon.
You were not hungry.

You visited 1 branch of the dungeon, and saw 6 of its levels.
You also visited: Sewer and Ossuary.

You collected 307 gold pieces.

Inventory:

Hand Weapons
 x - a +1 short sword of draining (weapon)
 y - a +2 dagger of venom
Missiles
 j - 3 needles of paralysis
Armour
 b - a +0 robe (worn)
 o - a scarf of resistance (worn)
Jewellery
 k - an amulet of magic regeneration (around neck)
 u - a ring of protection from fire (left hand)
Wands
 a - a wand of paralysis (13)
 e - a wand of digging (5)
Scrolls
 g - 2 scrolls of remove curse
 m - a scroll of fear
 n - 3 scrolls of blinking
 p - 5 scrolls of identify
 s - 5 scrolls of teleportation
 w - a scroll of fog
Potions
 c - a potion of haste
 f - 2 potions of flight
 h - 2 potions of heal wounds
 i - a potion of cancellation
 l - a potion of might
 q - 4 potions of mutation
 r - a potion of lignification
 t - 4 potions of brilliance
 v - 4 potions of invisibility
Comestibles
 d - a ration


   Skills:
 - Level 5.3 Short Blades
 + Level 3.4 Dodging
 + Level 10.1 Stealth
 + Level 7.5 Spellcasting
 + Level 8.0 Hexes


You had 17 spell levels left.
You knew the following spells:

 Your Spells              Type           Power        Failure   Level  Hunger
b - Ensorcelled Hibernat  Hex/Ice        ###...       3%          2    None
c - Confuse               Hex            ####....     1%          3    ##.....

Your spell library contained the following spells:

 Spells                   Type           Power        Failure   Level  Hunger
 Confusing Touch          Hex            ####..       1%          1    None
 Corona                   Hex            ####...      1%          1    None
 Tukima's Dance           Hex            ####....     1%          3    ##.....
 Dazzling Spray           Conj/Hex       ###...       6%          3    ##.....
 Gell's Gravitas          Tloc           #.........   32%         3    ##.....
 Metabolic Englaciation   Hex/Ice        ###.......   52%         5    #####..
 Yara's Violent Unravell  Hex/Tmut       ###.......   52%         5    #####..
 Petrify                  Tmut/Erth      #.......     73%         4    ####...


Dungeon Overview and Level Annotations

Branches:
Dungeon (6/15)
 Temple: D:4-7

Altars:

Annotations:
D:5 1 runed door
D:6 Prince Ribbit


Innate Abilities, Weirdness & Mutations

You are very small and have problems with some larger weapons.
You are too small for most types of armour.
You have supernaturally acute eyesight. (SInv)
You are a herbivore.
You cover ground extremely quickly.
You need to consume almost no food.


Message History

Things that are here:
a robe; an orc corpse
Found 8 gold pieces.
A jelly comes into view.
You see here a scroll of teleportation.
A jelly is nearby!
s - 5 scrolls of teleportation (gained 1)
The jelly quivers.
Found a short ivory wand.
You hit the jelly.
Your hands burn!
The jelly is lightly wounded.
The jelly hits you. The acid corrodes you!
You are splashed with acid!
The acid burns!
* * * LOW HITPOINT WARNING * * *
You completely miss the jelly.
The jelly is lightly wounded.
The jelly hits you.
* * * LOW HITPOINT WARNING * * *
The acid corrodes you!
You are splashed with acid!
The acid burns!
You die...

#+# /.# 8.#
. #.# ..
#.# ...
##.# ..##
#$J# .#.#
#8@# ...#
##.# ...#
#.# .#.#
##.#.# ..##
#..#h# .).#
#8.#.# ..#
##.#.# .#.#
#.#.# ...#
##[#.######


You could see a jelly.

Vanquished Creatures
  Edmund (D:4)
  An ice beast (D:3)
  2 sky beasts
  An ogre (D:5)
  Blork the orc (D:5)
  A water moccasin zombie (Ossuary)
  A scorpion (D:5)
  A howler monkey (D:5)
  A bullfrog zombie (Ossuary)
  A crimson imp (D:6)
  3 centaur zombies (Ossuary)
  A jelly (D:6)
  4 hounds
  3 orc wizards
  4 worker ants
  A killer bee zombie (Ossuary)
  A hound zombie (Ossuary)
  16 mummies (Ossuary)
  2 howler monkey zombies
  2 worker ant zombies (Ossuary)
  7 adders
  A shadow imp (D:5)
  8 oozes
  3 adder zombies (Ossuary)
  7 worms
  2 dart slugs (D:1)
  5 leopard geckos
  15 orcs
  5 giant cockroaches
  8 goblins
  8 hobgoblins (D:1)
  9 jackals
  9 kobolds
  A quokka (D:4)
  5 ball pythons
  12 bats
  5 frilled lizards
  2 jackal zombies
  A quokka skeleton (D:5)
  11 rats
172 creatures vanquished.

Vanquished Creatures (others)
  4 withered plants (Ossuary)
4 creatures vanquished.

Grand Total: 176 creatures vanquished

Notes
Turn   | Place    | Note
-------+----------+-------------------------------------------
     0 | D:1      | KristoblXynda the Spriggan Enchanter began the quest for
                  | the Orb.
     0 | D:1      | Reached XP level 1. HP: 9/9 MP: 5/5
   440 | D:1      | Reached XP level 2. HP: 13/13 MP: 7/7
   722 | D:1      | Learned a level 2 spell: Ensorcelled Hibernation
   763 | D:1      | Reached skill level 5 in Stealth
  1224 | D:1      | Reached XP level 3. HP: 11/16 MP: 8/8
  1229 | D:1      | Learned a level 3 spell: Confuse
  2014 | D:2      | Found a faded altar of an unknown god.
  2262 | D:2      | Reached XP level 4. HP: 21/21 MP: 7/10
  2476 | D:3      | Noticed a sky beast
  2490 | D:2      | Killed a sky beast
  2490 | D:2      | Reached skill level 6 in Stealth
  2490 | D:2      | Reached skill level 5 in Hexes
  2490 | D:2      | Reached XP level 5. HP: 24/24 MP: 4/12
  2750 | D:3      | Noticed an ice beast
  2781 | D:3      | Killed an ice beast
  2781 | D:3      | Reached XP level 6. HP: 28/28 MP: 11/14
  3001 | D:4      | Reached skill level 7 in Stealth
  3005 | D:4      | Reached skill level 5 in Spellcasting
  3221 | D:4      | Found a sand-covered staircase.
  3279 | Ossuary  | Entered an ossuary
  3543 | Ossuary  | Reached XP level 7. HP: 16/32 MP: 9/16
  3967 | Ossuary  | Reached skill level 8 in Stealth
  4616 | D:4      | Noticed Edmund
  4649 | D:4      | Killed Edmund
  4649 | D:4      | Reached XP level 8. HP: 23/36 MP: 12/18
  4855 | D:4      | Reached skill level 9 in Stealth
  5255 | D:5      | Entered Level 5 of the Dungeon
  5785 | D:5      | Found a runed door.
  5863 | D:5      | Found a glowing drain.
  5874 | Sewer    | Entered a sewer
  5883 | Sewer    | Reached skill level 5 in Short Blades
  6690 | D:5      | Noticed Blork the orc
  6696 | D:5      | Killed Blork the orc
  6814 | D:5      | You fall through a shaft!
  6820 | D:6      | Reached skill level 10 in Stealth
  6833 | D:6      | Noticed Prince Ribbit
  6885 | D:6      | Splashed by a jelly's acid

Vault maps used:
D:1:      dpeg_arrival_connections
D:2:      chequers_ecumenical_altar_island, first_ration
D:4:      enter_ossuary_1, minmay_misc_feat_ornament, minmay_cupped, uniq_edmund
D:5:      minmay_diamond_boxcup, cheibrodos_sewer_entry_drain,
          grunt_ministairs_3, minmay_stone_trees_small, uniq_crazy_yiuf_cottage,
          uniq_blork_the_orc
D:6:      wad_river_or_something, yredelemnul_altar_generic, uniq_grinder,
          uniq_prince_ribbit1
Sewer:    sewer_fruit_machine
Ossuary:  ossuary_zaba_flooded

Skill      XL: |  1  2  3  4  5  6  7  8 |
---------------+-------------------------+-----
Spellcasting   | 3 4 5 6 7 |  7.5
Hexes          | 4 5 6 7 8 |  8.0
Stealth        | 5 6 7 8 10 | 10.1
Short Blades   | 2 4 5 |  5.3
Dodging        | |  3.4

Action                   |  1- 3 |  4- 6 |  7- 9 || total
-------------------------+-------+-------+-------++-------
Melee: Dagger            |   140 |   101 |   374 ||   615
       Short sword       |       |       |    22 ||    22
 Cast: Ensorcelled Hiber |    14 |    38 |    55 ||   107
       Confuse           |       |    10 |    35 ||    45
  Use: Scroll            |     9 |     5 |     8 ||    22
       Potion            |       |     1 |     4 ||     5
 Stab: Sleeping          |    26 |    27 |    47 ||   100
       Confused          |       |     6 |    27 ||    33
  Eat: Ration            |       |     1 |     4 ||     5
Armor: Robe              |     9 |     9 |    21 ||    39
Dodge: Dodged            |   106 |    76 |   228 ||   410

Table legend:
 A = Non-vault XP
 B = Vault XP
 C = Vault XP percentage of total XP
 D = Non-vault monster count
 E = Vault monster count
 F = Vault count percentage of total count
                 A         B        C        D         E       F
            +---------+---------+-------+---------+---------+-------
      Total |    1108 |    1434 |  56.4 |     104 |      68 |  39.5
            +---------+---------+-------+---------+---------+-------
        D:1 |      49 |       0 |   0.0 |      25 |       0 |   0.0
        D:2 |     193 |       0 |   0.0 |      25 |       0 |   0.0
        D:3 |     169 |       0 |   0.0 |      15 |       0 |   0.0
        D:4 |     242 |     217 |  47.3 |      19 |       3 |  13.6
        D:5 |     353 |     355 |  50.1 |      15 |      11 |  42.3
        D:6 |     102 |      40 |  28.2 |       5 |       1 |  16.7
      Sewer |       0 |      82 | 100.0 |       0 |      23 | 100.0
    Ossuary |       0 |     740 | 100.0 |       0 |      30 | 100.0
            +---------+---------+-------+---------+---------+-------
